DETROIT Red Wings vs OTTAWA Senators

Created - 29 avril 2024 at 14:02

Goals
1 2 3 T
DETROIT Red Wings 2 1 1 4
OTTAWA Senators 0 2 1 3
Shots
1 2 3 T
DETROIT Red Wings 14 9 16 39
OTTAWA Senators 5 9 16 30

1st period

1. DETROIT Red Wings , Nikita Zadorov 1 (Kevin Hayes 1, Josh Anderson 1) at 9:36
2. DETROIT Red Wings , Bryan Rust 1 (Sidney Crosby 1, Nikita Zadorov 1) at 18:10

Penalties :
Nikita Zadorov (DET) for Cross-checking (Minor) at 3:47, Sean Durzi (OTT) for Interference (Minor) at 14:52

2nd period

3. OTTAWA Senators , Mikko Rantanen 1 (Connor McDavid 1, Cale Makar 1) at 0:40
4. DETROIT Red Wings , Ryan O'Reilly 1 (Alex Ovechkin 1, Nikita Zadorov 2) at 10:01
5. OTTAWA Senators , Garnet Hathaway 1 (Samuel Girard 1, Ryan Johansen 1) at 12:53

Penalties :
Nikita Zadorov (DET) for Roughing (Minor) at 2:49, Dylan Strome (OTT) for Interference (Minor) at 3:15

3rd period

6. OTTAWA Senators , Connor McDavid 1 (K'Andre Miller 1, Mikko Rantanen 1) at 6:13 (PP)
7. DETROIT Red Wings , Zach Hyman 1 (Colton Parayko 1, Seth Jones 1) at 10:00 (PP)

Penalties :
Nikita Zadorov (DET) for Roughing (Double Minor) at 0:22, Corey Perry (DET) for Delaying the game (Minor) at 4:53, Ben Chiarot (OTT) for Tripping (Minor) at 6:58, Ben Chiarot (OTT) for Unsportsmanlike conduct (Minor) at 9:13, Logan Thompson (OTT) for Slashing (Minor) at 14:27 - Tyler Bertuzzi served the penalty.

Goalie Stats

John Gibson (DET), 27 saves from 30 shots - (0,900), W, 1-0-0, 60:00 minutes
Logan Thompson (OTT), 35 saves from 39 shots - (0,897), L, 0-1-0, 59:00 minutes

Players Stats for DETROIT Red Wings

Player Name              G  A  P  +/- PIM S  H  SB GA TA FO     MP     PP MP  PK MP  
------------------------------------------------------------------------------------
Alex Ovechkin            0  1  1   0  0   5  4  0  0  0  1/1    18:23   3:24   0:00 
Bryan Rust               1  0  1   0  0   5  3  0  0  0  1/3    19:42   3:46   0:00 
Colton Parayko           0  1  1  -1  0   1  4  3  0  0  0/0    24:11   3:17   3:30 
Corey Perry              0  0  0   0  2   5  6  1  0  0  2/2    17:43   3:24   0:00 
Danton Heinen            0  0  0   0  0   0  0  0  0  0  0/0     3:47   0:00   0:00 
Jeff Petry               0  0  0   0  0   0  1  2  0  0  0/0    19:21   3:53   3:22 
Josh Anderson            0  1  1   1  0   0  1  0  0  0  0/1     9:03   0:00   0:00 
Kevin Hayes              0  1  1   1  0   1  1  1  0  0  13/21  13:32   0:00   4:29 
Luke Glendening          0  0  0   0  0   1  0  0  0  0  6/12    7:02   0:00   3:15 
Nikita Zadorov           1  2  3   2  8   1  2  0  0  0  0/0    16:25   0:00   0:52 
Ryan O'Reilly            1  0  1   0  0   2  0  0  0  0  6/17   17:56   3:24   0:00 
Seth Jones               0  1  1  -1  0   3  2  2  0  0  0/0    24:11   3:17   3:30 
Shayne Gostisbehere      0  0  0   2  0   3  0  0  0  0  0/0    19:41   3:53   0:00 
Sidney Crosby            0  1  1   0  0   3  0  0  0  0  15/32  21:30   3:46   0:00 
T.J. Brodie              0  0  0   0  0   2  1  4  0  0  0/0    16:08   0:00   4:14 
Travis Boyd              0  0  0   1  0   1  0  1  0  0  0/3    13:32   0:00   4:29 
Trevor Lewis             0  0  0   0  0   0  1  0  0  0  0/0     7:02   0:00   3:15 
Zach Hyman               1  0  1   0  0   6  3  0  0  0  2/3    21:30   3:46   0:00 

Players Stats for OTTAWA Senators

Player Name              G  A  P  +/- PIM S  H  SB GA TA FO     MP     PP MP  PK MP  
------------------------------------------------------------------------------------
Anthony Duclair          0  0  0   0  0   1  0  0  0  0  0/1    12:54   0:00   0:15 
Ben Chiarot              0  0  0   0  4   1  2  3  0  0  0/0    17:22   0:00   1:55 
Cale Makar               0  1  1   1  0   2  1  2  0  0  0/0    25:59   4:51   4:18 
Connor McDavid           1  1  2   1  0   5  0  0  0  0  24/45  25:50   4:47   5:28 
Dylan Strome             0  0  0  -2  2   1  0  0  0  0  13/27  18:53   2:56   0:00 
Garnet Hathaway          1  0  1   0  0   3  1  0  0  0  1/2    13:06   0:00   0:00 
J.J. Moser               0  0  0  -2  0   0  2  1  0  0  0/0    13:16   0:00   0:57 
K'Andre Miller           0  1  1   1  0   5  0  1  0  0  0/0    25:59   4:51   4:18 
Max Domi                 0  0  0   1  0   1  1  0  0  0  2/3    20:17   4:47   1:27 
Mikko Rantanen           1  1  2   1  0   2  2  0  0  0  1/3    26:45   4:47   5:28 
Nick Seeler              0  0  0   0  0   0  0  0  0  0  0/0     2:33   0:00   0:00 
Rasmus Sandin            0  0  0   0  0   2  0  0  0  0  0/0     3:21   2:53   0:00 
Ryan Johansen            0  1  1   0  0   0  1  1  0  0  5/11   13:46   0:00   0:40 
Samuel Girard            0  1  1   0  0   2  0  0  0  0  0/0    19:09   2:53   2:52 
Sean Durzi               0  0  0  -2  2   1  2  0  0  0  0/0    12:18   0:00   0:00 
Steven Lorentz           0  0  0   0  0   0  0  0  0  0  0/0     0:00   0:00   0:00 
Tyler Bertuzzi           0  0  0  -2  0   2  1  0  0  0  2/2    20:51   2:57   1:02 
Vladimir Tarasenko       0  0  0  -2  0   2  0  0  0  0  1/1    18:54   2:57   0:00 

3 Stars

1 - Mikko Rantanen (OTT)
2 - Connor McDavid (OTT)
3 - Bryan Rust (DET)

Power Play

DETROIT Red Wings - 1 on 5 Attempt(s) - 20,00%
OTTAWA Senators - 1 on 5 Attempt(s) - 20,00%

Penalty Kill

DETROIT Red Wings - 4 on 5 Attempt(s) - 80,00% - Score 0 goal in Penalty Kill
OTTAWA Senators - 4 on 5 Attempt(s) - 80,00% - Score 0 goal in Penalty Kill

Team Stat

DETROIT Red Wings - Hits : 29 - Faceoff Wins : 46 - Blocked Shots : 14 - Penalty Minutes : 10
OTTAWA Senators - Hits : 13 - Faceoff Wins : 49 - Blocked Shots : 8 - Penalty Minutes : 10

Official

Referees : Amanda Tasson and Marc Joannette
Linesman : Kirsten Welsh and Travis Toomey

Game Notes

No Game Note

Finance

Level 1 -- Attendance: 5568 (81,83%) -- Ticket Income $556,800
Level 2 -- Attendance: 4292 (74,00%) -- Ticket Income $257,520
Level 3 -- Attendance: 2163 (54,08%) -- Ticket Income $75,705
Level 4 -- Attendance: 4970 (99,36%) -- Ticket Income $99,400
Luxury Box -- Attendance: 978 (92,70%) -- Ticket Income $195,600
Game was played at the Canadian Tire Centre.
Total Attendance: 17971 (79,30%)
Total Ticket Income: $1,185,025
Other Income: $296,256
Total Income: $1,481,281

DETROIT Red Wings

5 vs 5 Forward 
   Center                   Left Wing                Right Wing               Time % Phy DF OF 
 1 Sidney Crosby            Bryan Rust               Zach Hyman               36     0   2  3  
 2 Ryan O'Reilly            Alex Ovechkin            Corey Perry              34     0   2  3  
 3 Kevin Hayes              Josh Anderson            Travis Boyd              20     0   3  2  
 4 Luke Glendening          Danton Heinen            Trevor Lewis             10     0   4  1  

5 vs 5 Defense 
   Defense                  Defense                                           Time % Phy DF OF 
 1 Seth Jones               Colton Parayko                                    35     1   2  2  
 2 Shayne Gostisbehere      Nikita Zadorov                                    34     1   2  2  
 3 Jeff Petry               T.J. Brodie                                       25     1   3  1  
 4 Seth Jones               Colton Parayko                                    6      1   2  2  

PowerPlay Forward 
   Center                   Left Wing                Right Wing               Time % Phy DF OF 
 1 Sidney Crosby            Bryan Rust               Zach Hyman               50     0   1  4  
 2 Ryan O'Reilly            Alex Ovechkin            Corey Perry              50     0   1  4  

PowerPlay Defense
   Defense                  Defense                                           Time % Phy DF OF 
 1 Seth Jones               Colton Parayko                                    50     0   1  4  
 2 Shayne Gostisbehere      Jeff Petry                                        50     0   1  4  

Penalty Kill 4 Players Forward 
   Center                   Wing                     Time % Phy DF OF 
 1 Kevin Hayes              Travis Boyd              51     1   4  0  
 2 Luke Glendening          Trevor Lewis             49     1   4  0  

Penalty Kill 4 Players Defense
   Defense                  Defense                  Time % Phy DF OF 
 1 Nikita Zadorov           T.J. Brodie              51     1   4  0  
 2 Seth Jones               Colton Parayko           49     1   4  0  

Penalty Kill - 3 Players Forward 
   Forward                                           Time % Phy DF OF 
 1 Ryan O'Reilly                                     51     0   4  1  
 2 Luke Glendening                                   49     0   4  1  

Penalty Kill - 3 Players Defense
   Defense                  Defense                  Time % Phy DF OF 
 1 Nikita Zadorov           T.J. Brodie              51     0   4  1  
 2 Seth Jones               Colton Parayko           49     0   4  1  

4 vs 4 Forward 
   Center                   Wing                     Time % Phy DF OF 
 1 Sidney Crosby            Zach Hyman               60     0   2  3  
 2 Ryan O'Reilly            Alex Ovechkin            40     0   2  3  

4 vs 4 Defense
   Defense                  Defense                  Time % Phy DF OF 
 1 Seth Jones               Colton Parayko           60     0   2  3  
 2 Shayne Gostisbehere      Jeff Petry               40     0   2  3  

Last Minutes Offensive
   Center                   Left Wing                Right Wing               Defense                  Defense                  
   Sidney Crosby            Alex Ovechkin            Zach Hyman               Seth Jones               Colton Parayko           

Last Minutes Defensive
   Center                   Left Wing                Right Wing               Defense                  Defense                  
   Sidney Crosby            Alex Ovechkin            Zach Hyman               Seth Jones               Colton Parayko           

Goaltenders
Starting : John Gibson              
Backup : Calvin Pickard           

Extra Forwards
Normal : Corey Perry, Kevin Hayes, Trevor Lewis - PP : Corey Perry, Kevin Hayes - PK : Trevor Lewis
Extra Defensemen
Normal : Shayne Gostisbehere, Nikita Zadorov, Jeff Petry - PP : Shayne Gostisbehere - PK : T.J. Brodie, Jeff Petry
Penalty Shots
Sidney Crosby, Alex Ovechkin, Zach Hyman, Bryan Rust, Ryan O'Reilly

Scratches
Dakota Joshua (Healthy), Josh Archibald (Healthy), Zach Whitecloud (Healthy)

OTTAWA Senators

5 vs 5 Forward 
   Center                   Left Wing                Right Wing               Time % Phy DF OF 
 1 Connor McDavid           Max Domi                 Mikko Rantanen           40     1   2  2  
 2 Dylan Strome             Tyler Bertuzzi           Vladimir Tarasenko       30     1   2  2  
 3 Ryan Johansen            Anthony Duclair          Garnet Hathaway          20     1   2  2  
 4 Ryan Johansen            Garnet Hathaway          Mikko Rantanen           10     1   2  2  

5 vs 5 Defense 
   Defense                  Defense                                           Time % Phy DF OF 
 1 Cale Makar               K'Andre Miller                                    40     1   2  2  
 2 Samuel Girard            Ben Chiarot                                       30     1   2  2  
 3 Sean Durzi               J.J. Moser                                        20     1   2  2  
 4 Nick Seeler              Ben Chiarot                                       10     1   2  2  

PowerPlay Forward 
   Center                   Left Wing                Right Wing               Time % Phy DF OF 
 1 Connor McDavid           Max Domi                 Mikko Rantanen           60     1   2  2  
 2 Dylan Strome             Tyler Bertuzzi           Vladimir Tarasenko       40     1   2  2  

PowerPlay Defense
   Defense                  Defense                                           Time % Phy DF OF 
 1 Cale Makar               K'Andre Miller                                    60     1   2  2  
 2 Samuel Girard            Rasmus Sandin                                     40     1   2  2  

Penalty Kill 4 Players Forward 
   Center                   Wing                     Time % Phy DF OF 
 1 Connor McDavid           Mikko Rantanen           60     1   2  2  
 2 Max Domi                 Tyler Bertuzzi           40     1   2  2  

Penalty Kill 4 Players Defense
   Defense                  Defense                  Time % Phy DF OF 
 1 Cale Makar               K'Andre Miller           60     1   2  2  
 2 Samuel Girard            Ben Chiarot              40     1   2  2  

Penalty Kill - 3 Players Forward 
   Forward                                           Time % Phy DF OF 
 1 Connor McDavid                                    60     1   2  2  
 2 Mikko Rantanen                                    40     1   2  2  

Penalty Kill - 3 Players Defense
   Defense                  Defense                  Time % Phy DF OF 
 1 Cale Makar               K'Andre Miller           60     1   2  2  
 2 Samuel Girard            Ben Chiarot              40     1   2  2  

4 vs 4 Forward 
   Center                   Wing                     Time % Phy DF OF 
 1 Connor McDavid           Mikko Rantanen           60     1   2  2  
 2 Dylan Strome             Tyler Bertuzzi           40     1   2  2  

4 vs 4 Defense
   Defense                  Defense                  Time % Phy DF OF 
 1 Cale Makar               K'Andre Miller           60     1   2  2  
 2 Samuel Girard            Rasmus Sandin            40     1   2  2  

Last Minutes Offensive
   Center                   Left Wing                Right Wing               Defense                  Defense                  
   Connor McDavid           Tyler Bertuzzi           Mikko Rantanen           Cale Makar               K'Andre Miller           

Last Minutes Defensive
   Center                   Left Wing                Right Wing               Defense                  Defense                  
   Connor McDavid           Garnet Hathaway          Mikko Rantanen           Cale Makar               K'Andre Miller           

Goaltenders
Starting : Logan Thompson           
Backup : Pheonix Copley           

Extra Forwards
Normal : Mikko Rantanen, Anthony Duclair, Ryan Johansen - PP : Connor McDavid, Anthony Duclair - PK : Ryan Johansen
Extra Defensemen
Normal : Sean Durzi, J.J. Moser, Nick Seeler - PP : Sean Durzi - PK : J.J. Moser, Nick Seeler
Penalty Shots
Connor McDavid, Mikko Rantanen, Max Domi, Dylan Strome, Tyler Bertuzzi

Scratches
Boris Katchouk (Healthy), Filip Zadina (Healthy), Rasmus Asplund (Healthy)

% Time on Ice - DETROIT Red Wings

Lines # - Real PCT - Wanted PCT - Time Play
Normal Forward
1 - 37% - 36% - 15:56
2 - 33% - 34% - 14:20
3 - 21% - 20% - 9:03
4 - 9% - 10% - 3:47
Normal Defense
1 - 35% - 35% - 15:04
2 - 36% - 34% - 15:36
3 - 28% - 25% - 11:54
4 - 1% - 6% - 0:32
PP Forward
1 - 53% - 50% - 3:46
2 - 47% - 50% - 3:24
PP Defense
1 - 46% - 50% - 3:17
2 - 54% - 50% - 3:53
PK Forward
1 - 58% - 51% - 4:29
2 - 42% - 49% - 3:15
PK Defense
1 - 55% - 51% - 4:14
2 - 45% - 49% - 3:30
PK3 Forward
1 - 0% - 51%
2 - 0% - 49%
PK3 Defense
1 - 0% - 51%
2 - 0% - 49%
44 Forward
1 - 87% - 60% - 1:21
2 - 13% - 40% - 0:12
44 Defense
1 - 87% - 60% - 1:21
2 - 13% - 40% - 0:12
Last Minute Offensive  - 0:00
Last Minute Defensive  - 0:27
Total
Forward - 60:00
Defense - 60:00

% Time on Ice - OTTAWA Senators

Lines # - Real PCT - Wanted PCT - Time Play
Normal Forward
1 - 33% - 40% - 14:03
2 - 37% - 30% - 15:57
3 - 28% - 20% - 12:11
4 - 2% - 10% - 0:55
Normal Defense
1 - 35% - 40% - 15:18
2 - 30% - 30% - 12:56
3 - 29% - 20% - 12:19
4 - 6% - 10% - 2:33
PP Forward
1 - 62% - 60% - 4:47
2 - 38% - 40% - 2:57
PP Defense
1 - 63% - 60% - 4:51
2 - 37% - 40% - 2:53
PK Forward
1 - 80% - 60% - 5:43
2 - 20% - 40% - 1:27
PK Defense
1 - 60% - 60% - 4:18
2 - 40% - 40% - 2:52
PK3 Forward
1 - 0% - 60%
2 - 0% - 40%
PK3 Defense
1 - 0% - 60%
2 - 0% - 40%
44 Forward
1 - 70% - 60% - 1:05
2 - 30% - 40% - 0:28
44 Defense
1 - 70% - 60% - 1:05
2 - 30% - 40% - 0:28
Last Minute Offensive  - 0:27
Last Minute Defensive  - 0:00
Total
Forward - 60:00
Defense - 60:00

Play-by-Play

1st period


0:01 of 1st period - Sidney Crosby wins face-off versus Connor McDavid in neutral zone.
0:12 of 1st period - Shot by Colton Parayko.
0:12 of 1st period - Stopped by Logan Thompson without a rebound.
0:13 of 1st period - Dylan Strome wins face-off versus Ryan O'Reilly in OTTAWA Senators zone.
0:58 of 1st period - Ben Chiarot is hit by Corey Perry and loses puck.
1:15 of 1st period - Icing by Vladimir Tarasenko.
1:16 of 1st period - Kevin Hayes wins face-off versus Dylan Strome in OTTAWA Senators zone.
1:38 of 1st period - Off-side.
1:39 of 1st period - Sidney Crosby wins face-off versus Connor McDavid in neutral zone.
1:41 of 1st period - Off-side.
1:42 of 1st period - Connor McDavid wins face-off versus Sidney Crosby in neutral zone.
2:23 of 1st period - Shot by K'Andre Miller.
2:23 of 1st period - Shot Blocked by Colton Parayko.
2:25 of 1st period - Shot by Connor McDavid.
2:25 of 1st period - Shot Misses the Net.
2:27 of 1st period - Shot by Connor McDavid.
2:27 of 1st period - Stopped by John Gibson without a rebound.
2:28 of 1st period - Ryan Johansen wins face-off versus Luke Glendening in DETROIT Red Wings zone.
2:28 of 1st period - J.J. Moser is hit by Jeff Petry.
2:41 of 1st period - Icing by J.J. Moser.
2:42 of 1st period - Kevin Hayes wins face-off versus Ryan Johansen in OTTAWA Senators zone.
2:46 of 1st period - Icing by Sean Durzi.
2:47 of 1st period - Ryan Johansen wins face-off versus Travis Boyd in OTTAWA Senators zone.
3:02 of 1st period - Off-side.
3:03 of 1st period - Connor McDavid wins face-off versus Luke Glendening in neutral zone.
3:34 of 1st period - Shot by Connor McDavid.
3:34 of 1st period - Stopped by John Gibson without a rebound.
3:35 of 1st period - Bryan Rust wins face-off versus Garnet Hathaway in DETROIT Red Wings zone.
3:35 of 1st period - Zach Hyman is hit by Ryan Johansen and loses puck.
3:47 of 1st period - Minor Penalty to Nikita Zadorov for Cross-checking.
3:48 of 1st period - Dylan Strome wins face-off versus Travis Boyd in DETROIT Red Wings zone.
4:01 of 1st period - Shot by Cale Makar.
4:01 of 1st period - Stopped by John Gibson without a rebound.
4:02 of 1st period - Luke Glendening wins face-off versus Mikko Rantanen in DETROIT Red Wings zone.
4:23 of 1st period - Shot by Connor McDavid.
4:23 of 1st period - Stopped by John Gibson without a rebound.
4:24 of 1st period - Kevin Hayes wins face-off versus Dylan Strome in DETROIT Red Wings zone.
4:35 of 1st period - Shot by K'Andre Miller.
4:35 of 1st period - Stopped by John Gibson without a rebound.
4:36 of 1st period - Luke Glendening wins face-off versus Connor McDavid in DETROIT Red Wings zone.
5:15 of 1st period - Shot by Mikko Rantanen.
5:15 of 1st period - Shot Misses the Net.
5:43 of 1st period - Shot by Luke Glendening.
5:43 of 1st period - Stopped by Logan Thompson without a rebound.
5:44 of 1st period - Vladimir Tarasenko wins face-off versus Luke Glendening in OTTAWA Senators zone.
6:13 of 1st period - Shot by Shayne Gostisbehere.
6:13 of 1st period - Deflect By Alex Ovechkin.
6:13 of 1st period - Shot Misses the Net.
6:15 of 1st period - Shot by Ryan O'Reilly.
6:15 of 1st period - Shot Misses the Net.
6:17 of 1st period - Shot by Shayne Gostisbehere.
6:17 of 1st period - Stopped by Logan Thompson with a rebound.
6:19 of 1st period - Shot by Shayne Gostisbehere.
6:19 of 1st period - Stopped by Logan Thompson without a rebound.
6:20 of 1st period - Sidney Crosby wins face-off versus Dylan Strome in OTTAWA Senators zone.
6:29 of 1st period - Shot by Bryan Rust.
6:29 of 1st period - Shot Misses the Net.
6:31 of 1st period - Shot by Colton Parayko.
6:31 of 1st period - Shot Misses the Net.
6:33 of 1st period - Shot by Zach Hyman.
6:33 of 1st period - Deflect By Sidney Crosby.
6:33 of 1st period - Shot Misses the Net.
6:37 of 1st period - Shot by Bryan Rust.
6:37 of 1st period - Stopped by Logan Thompson without a rebound.
6:38 of 1st period - Connor McDavid wins face-off versus Josh Anderson in OTTAWA Senators zone.
7:00 of 1st period - Off-side.
7:01 of 1st period - Sidney Crosby wins face-off versus Dylan Strome in neutral zone.
7:26 of 1st period - Shot by Sidney Crosby.
7:26 of 1st period - Stopped by Logan Thompson with a rebound.
7:28 of 1st period - Shot by Bryan Rust.
7:28 of 1st period - Stopped by Logan Thompson without a rebound.
7:29 of 1st period - Ryan O'Reilly wins face-off versus Connor McDavid in OTTAWA Senators zone.
7:29 of 1st period - Ryan O'Reilly is hit by Cale Makar.
7:35 of 1st period - Shot by Corey Perry.
7:35 of 1st period - Stopped by Logan Thompson without a rebound.
7:36 of 1st period - Corey Perry wins face-off versus Connor McDavid in OTTAWA Senators zone.
7:57 of 1st period - Shot by Mikko Rantanen.
7:57 of 1st period - Deflect By Connor McDavid.
7:57 of 1st period - Shot Misses the Net.
8:03 of 1st period - K'Andre Miller is hit by Corey Perry and loses puck.
8:17 of 1st period - Cale Makar is hit by T.J. Brodie and loses puck.
8:53 of 1st period - Vladimir Tarasenko is hit by Seth Jones and loses puck.
8:59 of 1st period - Seth Jones is hit by J.J. Moser and loses puck.
9:23 of 1st period - Travis Boyd is hit by Sean Durzi and loses puck.
9:32 of 1st period - Shot by Kevin Hayes.
9:32 of 1st period - Shot Misses the Net.
9:34 of 1st period - Shot by Josh Anderson.
9:34 of 1st period - Deflect By Kevin Hayes.
9:34 of 1st period - Shot Misses the Net.
9:36 of 1st period - Shot by Nikita Zadorov.
9:36 of 1st period - Goal by Nikita Zadorov - DETROIT Red Wings : 1 - OTTAWA Senators : 0.
9:37 of 1st period - Luke Glendening wins face-off versus Ryan Johansen in neutral zone.
10:09 of 1st period - Off-side.
10:10 of 1st period - Connor McDavid wins face-off versus Ryan O'Reilly in neutral zone.
10:21 of 1st period - Shot by Corey Perry.
10:21 of 1st period - Deflect By Alex Ovechkin.
10:21 of 1st period - Shot Misses the Net.
11:27 of 1st period - Shot by Bryan Rust.
11:27 of 1st period - Deflect By Zach Hyman.
11:27 of 1st period - Shot Misses the Net.
11:29 of 1st period - Shot by Bryan Rust.
11:29 of 1st period - Shot Hit the Post.
11:31 of 1st period - Shot by Sidney Crosby.
11:31 of 1st period - Deflect By Bryan Rust.
11:31 of 1st period - Shot Misses the Net.
11:33 of 1st period - Shot by Bryan Rust.
11:33 of 1st period - Shot Misses the Net.
11:37 of 1st period - Shot by Zach Hyman.
11:37 of 1st period - Shot Misses the Net.
11:54 of 1st period - Icing by K'Andre Miller.
11:55 of 1st period - Kevin Hayes wins face-off versus Connor McDavid in OTTAWA Senators zone.
12:02 of 1st period - Mikko Rantanen is hit by Josh Anderson and loses puck.
12:19 of 1st period - Shot by Kevin Hayes.
12:19 of 1st period - Shot Blocked by Ben Chiarot.
12:35 of 1st period - Samuel Girard is hit by Kevin Hayes and loses puck.
12:48 of 1st period - Shot by Alex Ovechkin.
12:48 of 1st period - Stopped by Logan Thompson with a rebound.
13:08 of 1st period - Shot by Alex Ovechkin.
13:08 of 1st period - Stopped by Logan Thompson without a rebound.
13:09 of 1st period - Dylan Strome wins face-off versus Sidney Crosby in OTTAWA Senators zone.
13:38 of 1st period - Shot by Tyler Bertuzzi.
13:38 of 1st period - Shot Misses the Net.
13:51 of 1st period - Icing by Colton Parayko.
13:52 of 1st period - Ryan Johansen wins face-off versus Sidney Crosby in DETROIT Red Wings zone.
14:52 of 1st period - Minor Penalty to Sean Durzi for Interference.
14:53 of 1st period - Connor McDavid wins face-off versus Sidney Crosby in OTTAWA Senators zone.
15:02 of 1st period - Shot by Shayne Gostisbehere.
15:02 of 1st period - Stopped by Logan Thompson without a rebound.
15:03 of 1st period - Connor McDavid wins face-off versus Ryan O'Reilly in OTTAWA Senators zone.
15:26 of 1st period - Connor McDavid is hit by Alex Ovechkin and loses puck.
16:07 of 1st period - Shot by Bryan Rust.
16:07 of 1st period - Stopped by Logan Thompson without a rebound.
16:08 of 1st period - Connor McDavid wins face-off versus Sidney Crosby in OTTAWA Senators zone.
16:14 of 1st period - Icing by Jeff Petry.
16:15 of 1st period - Connor McDavid wins face-off versus Bryan Rust in DETROIT Red Wings zone.
16:56 of 1st period - Icing by Sean Durzi.
16:57 of 1st period - Kevin Hayes wins face-off versus Dylan Strome in OTTAWA Senators zone.
17:56 of 1st period - Icing by Vladimir Tarasenko.
17:57 of 1st period - Zach Hyman wins face-off versus Dylan Strome in OTTAWA Senators zone.
18:10 of 1st period - Shot by Bryan Rust.
18:10 of 1st period - Goal by Bryan Rust - DETROIT Red Wings : 2 - OTTAWA Senators : 0.
18:11 of 1st period - Ryan O'Reilly wins face-off versus Max Domi in neutral zone.
18:14 of 1st period - K'Andre Miller is hit by Corey Perry and loses puck.
18:34 of 1st period - Shot by Mikko Rantanen.
18:34 of 1st period - Shot Misses the Net.
19:31 of 1st period - Icing by Jeff Petry.
19:32 of 1st period - Dylan Strome wins face-off versus Ryan O'Reilly in DETROIT Red Wings zone.
Goals for this period are 2 for DETROIT Red Wings vs 0 for OTTAWA Senators.
Shots for this period are 14 for DETROIT Red Wings vs 5 for OTTAWA Senators.

2nd period


0:01 of 2nd period - Sidney Crosby wins face-off versus Ryan Johansen in neutral zone.
0:03 of 2nd period - Bryan Rust is hit by Garnet Hathaway and loses puck.
0:12 of 2nd period - Shot by K'Andre Miller.
0:12 of 2nd period - Shot Misses the Net.
0:14 of 2nd period - Shot by Garnet Hathaway.
0:14 of 2nd period - Stopped by John Gibson without a rebound.
0:15 of 2nd period - Tyler Bertuzzi wins face-off versus Travis Boyd in DETROIT Red Wings zone.
0:15 of 2nd period - Ben Chiarot is hit by Colton Parayko and loses puck.
0:20 of 2nd period - Shot by Dylan Strome.
0:20 of 2nd period - Stopped by John Gibson without a rebound.
0:21 of 2nd period - Connor McDavid wins face-off versus Sidney Crosby in DETROIT Red Wings zone.
0:40 of 2nd period - Shot by Mikko Rantanen.
0:40 of 2nd period - Goal by Mikko Rantanen - DETROIT Red Wings : 2 - OTTAWA Senators : 1.
0:41 of 2nd period - Garnet Hathaway wins face-off versus Kevin Hayes in neutral zone.
0:59 of 2nd period - Shot by Ryan Johansen.
0:59 of 2nd period - Shot Blocked by Kevin Hayes.
1:03 of 2nd period - Shot by Anthony Duclair.
1:03 of 2nd period - Shot Misses the Net.
1:14 of 2nd period - Travis Boyd is hit by Ben Chiarot and loses puck.
2:05 of 2nd period - Shot by Bryan Rust.
2:05 of 2nd period - Stopped by Logan Thompson without a rebound.
2:06 of 2nd period - Ryan O'Reilly wins face-off versus Dylan Strome in OTTAWA Senators zone.
2:35 of 2nd period - Shot by Dylan Strome.
2:35 of 2nd period - Deflect By Tyler Bertuzzi.
2:35 of 2nd period - Shot Misses the Net.
2:41 of 2nd period - Shot by Corey Perry.
2:41 of 2nd period - Stopped by Logan Thompson without a rebound.
2:42 of 2nd period - Connor McDavid wins face-off versus Bryan Rust in OTTAWA Senators zone.
2:42 of 2nd period - Connor McDavid is hit by Bryan Rust.
2:49 of 2nd period - Minor Penalty to Nikita Zadorov for Roughing.
2:50 of 2nd period - Kevin Hayes wins face-off versus Connor McDavid in DETROIT Red Wings zone.
3:11 of 2nd period - Shot by Cale Makar.
3:11 of 2nd period - Shot Misses the Net.
3:13 of 2nd period - Shot by Connor McDavid.
3:13 of 2nd period - Stopped by John Gibson without a rebound.
3:14 of 2nd period - Kevin Hayes wins face-off versus Dylan Strome in DETROIT Red Wings zone.
3:14 of 2nd period - Kevin Hayes is hit by Tyler Bertuzzi.
3:15 of 2nd period - Minor Penalty to Dylan Strome for Interference.
3:16 of 2nd period - Sidney Crosby wins face-off versus Connor McDavid in OTTAWA Senators zone.
3:24 of 2nd period - Icing by K'Andre Miller.
3:25 of 2nd period - Sidney Crosby wins face-off versus Connor McDavid in OTTAWA Senators zone.
3:30 of 2nd period - Shot by Sidney Crosby.
3:30 of 2nd period - Deflect By Zach Hyman.
3:30 of 2nd period - Stopped by Logan Thompson without a rebound.
3:31 of 2nd period - Sidney Crosby wins face-off versus Mikko Rantanen in OTTAWA Senators zone.
3:48 of 2nd period - Shot by Zach Hyman.
3:48 of 2nd period - Shot Misses the Net.
4:05 of 2nd period - Sidney Crosby is hit by Mikko Rantanen and loses puck.
5:19 of 2nd period - Shot by Corey Perry.
5:19 of 2nd period - Stopped by Logan Thompson without a rebound.
5:20 of 2nd period - Luke Glendening wins face-off versus Dylan Strome in OTTAWA Senators zone.
5:22 of 2nd period - Trevor Lewis is hit by Sean Durzi and loses puck.
5:42 of 2nd period - Trevor Lewis is hit by J.J. Moser and loses puck.
5:53 of 2nd period - Shot by Sean Durzi.
5:53 of 2nd period - Stopped by John Gibson without a rebound.
5:54 of 2nd period - Corey Perry wins face-off versus Ryan Johansen in DETROIT Red Wings zone.
7:01 of 2nd period - Shot by Zach Hyman.
7:01 of 2nd period - Deflect By Sidney Crosby.
7:01 of 2nd period - Stopped by Logan Thompson without a rebound.
7:02 of 2nd period - Dylan Strome wins face-off versus Sidney Crosby in OTTAWA Senators zone.
7:54 of 2nd period - Icing by Colton Parayko.
7:55 of 2nd period - Connor McDavid wins face-off versus Sidney Crosby in DETROIT Red Wings zone.
7:55 of 2nd period - Connor McDavid is hit by Seth Jones.
9:42 of 2nd period - Ryan Johansen is hit by Corey Perry and loses puck.
10:01 of 2nd period - Shot by Alex Ovechkin.
10:01 of 2nd period - Deflect By Ryan O'Reilly.
10:01 of 2nd period - Goal by Ryan O'Reilly - DETROIT Red Wings : 3 - OTTAWA Senators : 1.
10:02 of 2nd period - Dylan Strome wins face-off versus Sidney Crosby in neutral zone.
10:25 of 2nd period - Shot by Dylan Strome.
10:25 of 2nd period - Shot Misses the Net.
10:41 of 2nd period - Shot by Sidney Crosby.
10:41 of 2nd period - Shot Blocked by J.J. Moser.
11:03 of 2nd period - Sean Durzi is hit by Trevor Lewis and loses puck.
11:45 of 2nd period - Icing by Corey Perry.
11:46 of 2nd period - Connor McDavid wins face-off versus Ryan O'Reilly in DETROIT Red Wings zone.
11:51 of 2nd period - Shot by Mikko Rantanen.
11:51 of 2nd period - Shot Blocked by T.J. Brodie.
11:53 of 2nd period - Shot by Cale Makar.
11:53 of 2nd period - Stopped by John Gibson without a rebound.
11:54 of 2nd period - Alex Ovechkin wins face-off versus Connor McDavid in DETROIT Red Wings zone.
11:54 of 2nd period - Alex Ovechkin is hit by Mikko Rantanen.
12:28 of 2nd period - Connor McDavid is hit by Corey Perry and loses puck.
12:51 of 2nd period - Shot by Garnet Hathaway.
12:51 of 2nd period - Shot Misses the Net.
12:53 of 2nd period - Shot by Samuel Girard.
12:53 of 2nd period - Deflect By Garnet Hathaway.
12:53 of 2nd period - Goal by Garnet Hathaway - DETROIT Red Wings : 3 - OTTAWA Senators : 2.
12:54 of 2nd period - Sidney Crosby wins face-off versus Anthony Duclair in neutral zone.
12:56 of 2nd period - Bryan Rust is hit by Ben Chiarot and loses puck.
13:23 of 2nd period - Shot by Sidney Crosby.
13:23 of 2nd period - Shot Blocked by Ryan Johansen.
13:49 of 2nd period - Connor McDavid is hit by Zach Hyman and loses puck.
14:08 of 2nd period - Shot by Mikko Rantanen.
14:08 of 2nd period - Shot Misses the Net.
14:10 of 2nd period - Shot by Mikko Rantanen.
14:10 of 2nd period - Stopped by John Gibson without a rebound.
14:11 of 2nd period - Dylan Strome wins face-off versus Luke Glendening in DETROIT Red Wings zone.
14:28 of 2nd period - Shot by Tyler Bertuzzi.
14:28 of 2nd period - Shot Blocked by Colton Parayko.
15:38 of 2nd period - Shot by Alex Ovechkin.
15:38 of 2nd period - Stopped by Logan Thompson without a rebound.
15:39 of 2nd period - Sidney Crosby wins face-off versus Connor McDavid in OTTAWA Senators zone.
18:09 of 2nd period - Shot by Garnet Hathaway.
18:09 of 2nd period - Stopped by John Gibson without a rebound.
18:10 of 2nd period - Connor McDavid wins face-off versus Kevin Hayes in DETROIT Red Wings zone.
18:10 of 2nd period - K'Andre Miller is hit by Colton Parayko and loses puck.
18:21 of 2nd period - Shot by Seth Jones.
18:21 of 2nd period - Shot Misses the Net.
18:23 of 2nd period - Shot by Colton Parayko.
18:23 of 2nd period - Shot Blocked by K'Andre Miller.
18:34 of 2nd period - Icing by K'Andre Miller.
18:35 of 2nd period - Sidney Crosby wins face-off versus Connor McDavid in OTTAWA Senators zone.
18:44 of 2nd period - Shot by Zach Hyman.
18:44 of 2nd period - Stopped by Logan Thompson without a rebound.
18:45 of 2nd period - Dylan Strome wins face-off versus Sidney Crosby in OTTAWA Senators zone.
18:49 of 2nd period - Off-side.
18:50 of 2nd period - Tyler Bertuzzi wins face-off versus Sidney Crosby in neutral zone.
19:09 of 2nd period - Shot by Bryan Rust.
19:09 of 2nd period - Shot Hit the Post.
19:13 of 2nd period - Shot by Sidney Crosby.
19:13 of 2nd period - Deflect By Zach Hyman.
19:13 of 2nd period - Stopped by Logan Thompson without a rebound.
19:14 of 2nd period - Kevin Hayes wins face-off versus Ryan Johansen in OTTAWA Senators zone.
19:17 of 2nd period - Shot by Seth Jones.
19:17 of 2nd period - Shot Blocked by Cale Makar.
19:24 of 2nd period - Cale Makar is hit by Colton Parayko and loses puck.
19:58 of 2nd period - Ryan Johansen is hit by Colton Parayko and loses puck.
Goals for this period are 1 for DETROIT Red Wings vs 2 for OTTAWA Senators.
Shots for this period are 9 for DETROIT Red Wings vs 9 for OTTAWA Senators.

3rd period


0:01 of 3rd period - Connor McDavid wins face-off versus Sidney Crosby in neutral zone.
0:12 of 3rd period - Mikko Rantanen is hit by Zach Hyman.
0:21 of 3rd period - Mikko Rantanen is hit by Nikita Zadorov and loses puck.
0:22 of 3rd period - Double Minor Penalty to Nikita Zadorov for Roughing.
0:23 of 3rd period - Dylan Strome wins face-off versus Kevin Hayes in DETROIT Red Wings zone.
0:26 of 3rd period - Shot by Rasmus Sandin.
0:26 of 3rd period - Shot Blocked by Seth Jones.
0:28 of 3rd period - Shot by Vladimir Tarasenko.
0:28 of 3rd period - Shot Misses the Net.
0:30 of 3rd period - Shot by Tyler Bertuzzi.
0:30 of 3rd period - Shot Blocked by Colton Parayko.
0:32 of 3rd period - Shot by Rasmus Sandin.
0:32 of 3rd period - Deflect By Tyler Bertuzzi.
0:32 of 3rd period - Shot Blocked by Seth Jones.
0:44 of 3rd period - Shot by Rasmus Sandin.
0:44 of 3rd period - Stopped by John Gibson without a rebound.
0:45 of 3rd period - Connor McDavid wins face-off versus Luke Glendening in DETROIT Red Wings zone.
0:48 of 3rd period - Shot by K'Andre Miller.
0:48 of 3rd period - Stopped by John Gibson without a rebound.
0:49 of 3rd period - Kevin Hayes wins face-off versus Connor McDavid in DETROIT Red Wings zone.
1:06 of 3rd period - Seth Jones is hit by Max Domi.
1:32 of 3rd period - Shot by Trevor Lewis.
1:32 of 3rd period - Shot Blocked by Cale Makar.
1:52 of 3rd period - Shot by Kevin Hayes.
1:52 of 3rd period - Deflect By Travis Boyd.
1:52 of 3rd period - Stopped by Logan Thompson with a rebound.
1:54 of 3rd period - Shot by T.J. Brodie.
1:54 of 3rd period - Stopped by Logan Thompson with a rebound.
1:56 of 3rd period - Shot by Kevin Hayes.
1:56 of 3rd period - Stopped by Logan Thompson without a rebound.
1:57 of 3rd period - Dylan Strome wins face-off versus Kevin Hayes in OTTAWA Senators zone.
2:18 of 3rd period - Shot by Samuel Girard.
2:18 of 3rd period - Shot Blocked by Travis Boyd.
2:20 of 3rd period - Shot by Vladimir Tarasenko.
2:20 of 3rd period - Stopped by John Gibson without a rebound.
2:21 of 3rd period - Kevin Hayes wins face-off versus Dylan Strome in DETROIT Red Wings zone.
2:40 of 3rd period - Shot by Samuel Girard.
2:40 of 3rd period - Deflect By Dylan Strome.
2:40 of 3rd period - Shot Misses the Net.
3:08 of 3rd period - Shot by Connor McDavid.
3:08 of 3rd period - Deflect By Mikko Rantanen.
3:08 of 3rd period - Shot Blocked by Jeff Petry.
3:15 of 3rd period - Icing by Max Domi.
3:16 of 3rd period - Connor McDavid wins face-off versus Kevin Hayes in OTTAWA Senators zone.
3:18 of 3rd period - Icing by K'Andre Miller.
3:19 of 3rd period - Kevin Hayes wins face-off versus Connor McDavid in OTTAWA Senators zone.
3:54 of 3rd period - Shot by Rasmus Sandin.
3:54 of 3rd period - Stopped by John Gibson with a rebound.
3:56 of 3rd period - Shot by Tyler Bertuzzi.
3:56 of 3rd period - Shot Blocked by T.J. Brodie.
3:58 of 3rd period - Shot by Dylan Strome.
3:58 of 3rd period - Shot Blocked by T.J. Brodie.
4:18 of 3rd period - Shot by Samuel Girard.
4:18 of 3rd period - Stopped by John Gibson without a rebound.
4:19 of 3rd period - Connor McDavid wins face-off versus Luke Glendening in DETROIT Red Wings zone.
4:20 of 3rd period - Shot by K'Andre Miller.
4:20 of 3rd period - Stopped by John Gibson with a rebound.
4:27 of 3rd period - Connor McDavid is hit by Nikita Zadorov and loses puck.
4:46 of 3rd period - Shot by Zach Hyman.
4:46 of 3rd period - Shot Misses the Net.
4:48 of 3rd period - Shot by Sidney Crosby.
4:48 of 3rd period - Shot Misses the Net.
4:50 of 3rd period - Shot by Sidney Crosby.
4:50 of 3rd period - Stopped by Logan Thompson without a rebound.
4:51 of 3rd period - Dylan Strome wins face-off versus Ryan O'Reilly in OTTAWA Senators zone.
4:53 of 3rd period - Minor Penalty to Corey Perry for Delaying the game.
4:54 of 3rd period - Luke Glendening wins face-off versus Connor McDavid in DETROIT Red Wings zone.
5:05 of 3rd period - Shot by K'Andre Miller.
5:05 of 3rd period - Stopped by John Gibson with a rebound.
5:07 of 3rd period - Shot by K'Andre Miller.
5:07 of 3rd period - Shot Misses the Net.
5:09 of 3rd period - Shot by K'Andre Miller.
5:09 of 3rd period - Stopped by John Gibson without a rebound.
5:10 of 3rd period - Kevin Hayes wins face-off versus Dylan Strome in DETROIT Red Wings zone.
5:25 of 3rd period - Shot by Samuel Girard.
5:25 of 3rd period - Stopped by John Gibson without a rebound.
5:26 of 3rd period - Luke Glendening wins face-off versus Connor McDavid in DETROIT Red Wings zone.
5:38 of 3rd period - Icing by Connor McDavid.
5:39 of 3rd period - Connor McDavid wins face-off versus Kevin Hayes in OTTAWA Senators zone.
6:13 of 3rd period - Shot by Connor McDavid.
6:13 of 3rd period - Goal by Connor McDavid - DETROIT Red Wings : 3 - OTTAWA Senators : 3.
6:14 of 3rd period - Sidney Crosby wins face-off versus Dylan Strome in neutral zone.
6:33 of 3rd period - Shot by Dylan Strome.
6:33 of 3rd period - Shot Misses the Net.
6:51 of 3rd period - Shot by Sidney Crosby.
6:51 of 3rd period - Shot Misses the Net.
6:58 of 3rd period - Minor Penalty to Ben Chiarot for Tripping.
6:59 of 3rd period - Ryan O'Reilly wins face-off versus Connor McDavid in OTTAWA Senators zone.
7:00 of 3rd period - Shot by Alex Ovechkin.
7:00 of 3rd period - Stopped by Logan Thompson with a rebound.
7:18 of 3rd period - Shot by Corey Perry.
7:18 of 3rd period - Shot Misses the Net.
8:22 of 3rd period - Shot by Seth Jones.
8:22 of 3rd period - Stopped by Logan Thompson without a rebound.
8:23 of 3rd period - Max Domi wins face-off versus Ryan O'Reilly in OTTAWA Senators zone.
8:34 of 3rd period - Cale Makar is hit by Corey Perry and loses puck.
9:01 of 3rd period - Shot by Josh Anderson.
9:01 of 3rd period - Shot Misses the Net.
9:13 of 3rd period - Shot by Seth Jones.
9:13 of 3rd period - Stopped by Logan Thompson without a rebound.
9:13 of 3rd period - Minor Penalty to Ben Chiarot for Unsportsmanlike conduct.
9:14 of 3rd period - Max Domi wins face-off versus Sidney Crosby in OTTAWA Senators zone.
9:26 of 3rd period - Icing by Bryan Rust.
9:27 of 3rd period - Sidney Crosby wins face-off versus Connor McDavid in DETROIT Red Wings zone.
9:52 of 3rd period - Shot by Zach Hyman.
9:52 of 3rd period - Stopped by Logan Thompson with a rebound.
10:00 of 3rd period - Shot by Zach Hyman.
10:00 of 3rd period - Goal by Zach Hyman - DETROIT Red Wings : 4 - OTTAWA Senators : 3.
10:01 of 3rd period - Dylan Strome wins face-off versus Kevin Hayes in neutral zone.
10:08 of 3rd period - Shot by Dylan Strome.
10:08 of 3rd period - Deflect By Tyler Bertuzzi.
10:08 of 3rd period - Stopped by John Gibson with a rebound.
10:13 of 3rd period - Icing by Nikita Zadorov.
10:14 of 3rd period - Ryan Johansen wins face-off versus Kevin Hayes in DETROIT Red Wings zone.
10:51 of 3rd period - Shot by Kevin Hayes.
10:51 of 3rd period - Shot Misses the Net.
11:13 of 3rd period - Shot by Corey Perry.
11:13 of 3rd period - Stopped by Logan Thompson with a rebound.
11:15 of 3rd period - Shot by T.J. Brodie.
11:15 of 3rd period - Stopped by Logan Thompson without a rebound.
11:16 of 3rd period - Connor McDavid wins face-off versus Sidney Crosby in OTTAWA Senators zone.
11:16 of 3rd period - Cale Makar is hit by Zach Hyman and loses puck.
12:28 of 3rd period - Off-side.
12:29 of 3rd period - Ryan Johansen wins face-off versus Ryan O'Reilly in neutral zone.
12:48 of 3rd period - Icing by Alex Ovechkin.
12:49 of 3rd period - Ryan O'Reilly wins face-off versus Dylan Strome in DETROIT Red Wings zone.
13:02 of 3rd period - Shot by Vladimir Tarasenko.
13:02 of 3rd period - Stopped by John Gibson without a rebound.
13:03 of 3rd period - Kevin Hayes wins face-off versus Ryan Johansen in DETROIT Red Wings zone.
13:15 of 3rd period - Off-side.
13:16 of 3rd period - Mikko Rantanen wins face-off versus Ryan O'Reilly in neutral zone.
13:46 of 3rd period - Samuel Girard is hit by Alex Ovechkin and loses puck.
13:55 of 3rd period - Shot by Ben Chiarot.
13:55 of 3rd period - Shot Misses the Net.
13:57 of 3rd period - Shot by Max Domi.
13:57 of 3rd period - Stopped by John Gibson with a rebound.
13:59 of 3rd period - Shot by Ben Chiarot.
13:59 of 3rd period - Stopped by John Gibson without a rebound.
14:00 of 3rd period - Zach Hyman wins face-off versus Dylan Strome in DETROIT Red Wings zone.
14:17 of 3rd period - Shot by Bryan Rust.
14:17 of 3rd period - Shot Misses the Net.
14:27 of 3rd period - Shot by Zach Hyman.
14:27 of 3rd period - Stopped by Logan Thompson without a rebound.
14:27 of 3rd period - Minor Penalty to Logan Thompson for Slashing.
14:28 of 3rd period - Ryan O'Reilly wins face-off versus Connor McDavid in OTTAWA Senators zone.
14:31 of 3rd period - Shot by Jeff Petry.
14:31 of 3rd period - Shot Blocked by Ben Chiarot.
14:35 of 3rd period - Shot by Alex Ovechkin.
14:35 of 3rd period - Shot Misses the Net.
14:37 of 3rd period - Shot by Alex Ovechkin.
14:37 of 3rd period - Stopped by Logan Thompson without a rebound.
14:38 of 3rd period - Connor McDavid wins face-off versus Sidney Crosby in OTTAWA Senators zone.
14:38 of 3rd period - Connor McDavid is hit by Bryan Rust.
15:10 of 3rd period - Icing by Bryan Rust.
15:11 of 3rd period - Sidney Crosby wins face-off versus Connor McDavid in DETROIT Red Wings zone.
15:20 of 3rd period - Shot by Seth Jones.
15:20 of 3rd period - Stopped by Logan Thompson without a rebound.
15:21 of 3rd period - Connor McDavid wins face-off versus Ryan O'Reilly in OTTAWA Senators zone.
15:21 of 3rd period - Connor McDavid is hit by Alex Ovechkin.
15:33 of 3rd period - Shot by Shayne Gostisbehere.
15:33 of 3rd period - Shot Blocked by Ben Chiarot.
15:43 of 3rd period - Connor McDavid is hit by Alex Ovechkin and loses puck.
15:58 of 3rd period - Shot by Alex Ovechkin.
15:58 of 3rd period - Deflect By Ryan O'Reilly.
15:58 of 3rd period - Stopped by Logan Thompson without a rebound.
15:59 of 3rd period - Connor McDavid wins face-off versus Sidney Crosby in OTTAWA Senators zone.
16:07 of 3rd period - Icing by Sidney Crosby.
16:08 of 3rd period - Connor McDavid wins face-off versus Zach Hyman in DETROIT Red Wings zone.
16:23 of 3rd period - Connor McDavid is hit by Bryan Rust and loses puck.
17:38 of 3rd period - Shot by Corey Perry.
17:38 of 3rd period - Stopped by Logan Thompson without a rebound.
17:39 of 3rd period - Connor McDavid wins face-off versus Sidney Crosby in OTTAWA Senators zone.
18:24 of 3rd period - Shot by Connor McDavid.
18:24 of 3rd period - Shot Blocked by T.J. Brodie.
18:44 of 3rd period - Shot by Garnet Hathaway.
18:44 of 3rd period - Shot Misses the Net.
18:46 of 3rd period - Shot by Garnet Hathaway.
18:46 of 3rd period - Shot Blocked by Jeff Petry.
18:58 of 3rd period - Shot by Anthony Duclair.
18:58 of 3rd period - Stopped by John Gibson without a rebound.
18:59 of 3rd period - Dylan Strome wins face-off versus Ryan O'Reilly in DETROIT Red Wings zone.
19:00 of 3rd period - OTTAWA Senators, Logan Thompson is pulled from the net.
19:00 of 3rd period - Shot by Samuel Girard.
19:00 of 3rd period - Deflect By Dylan Strome.
19:00 of 3rd period - Shot Blocked by Corey Perry.
19:30 of 3rd period - Shot by Tyler Bertuzzi.
19:30 of 3rd period - Deflect By Vladimir Tarasenko.
19:30 of 3rd period - Shot Misses the Net.
19:32 of 3rd period - Shot by Tyler Bertuzzi.
19:32 of 3rd period - Stopped by John Gibson without a rebound.
19:33 of 3rd period - Sidney Crosby wins face-off versus Connor McDavid in DETROIT Red Wings zone.
19:43 of 3rd period - Shot by Cale Makar.
19:43 of 3rd period - Shot Misses the Net.
Goals for this period are 1 for DETROIT Red Wings vs 1 for OTTAWA Senators.
Shots for this period are 16 for DETROIT Red Wings vs 16 for OTTAWA Senators. Output by the SimonT Hockey Simulator (STHS) for Martin Benoit - Original Page W3C HTML5 Valid
Hockey Simulator - Hockey Simulation - Hockey Manager